 Dungeon Crawl Stone Soup version 0.28-a0-32-g8dfe7f97f6 (webtiles) character file.

Game seed: 13563070636478416350

9484 freelancePsychic the Arsonist (level 11, -17/67 HPs)
             Began as a Deep Elf Fire Elementalist on July 28, 2021.
             Demolished by a tentacled starspawn (33 damage)
             ... on level 1 of the Abyss.
             The game lasted 00:34:27 (14475 turns).

freelancePsychic the Arsonist (DEFE)               Turns: 14475, Time: 00:34:28

Health: -17/67     AC:  9    Str: 13    XL:     11   Next: 23%
Magic:  3/22       EV: 19    Int: 22    God:
Gold:   971        SH:  5    Dex: 18    Spells: 9/22 levels left

rFire   + . .      SeeInvis .   r - staff of conjuration
rCold   + . .      Faith    .   j - +0 buckler
rNeg    . . .      Spirit   .   f - +0 steam dragon scales
rPois   +          Reflect  .   B - +2 helmet
rElec   .          Harm     .   (no cloak)
rCorr   .          Rampage  .   t - +0 pair of gloves
Will    +....                   (no boots)
Stlth   ++........              G - amulet of the acrobat
HPRegen 0.21/turn               q - ring "Ablal" {rPois rF+ rC+ EV+4 Dex+3}
MPRegen 0.18/turn               z - +6 ring of strength

@: constricted
A: no striking features
a: no special abilities


You were on level 1 of the Abyss.
You visited 2 branches of the dungeon, and saw 11 of its levels.
You visited the Abyss 1 time.

You collected 1387 gold pieces.
You spent 416 gold pieces at shops.

Inventory:

Hand Weapons
 e - a +2 dagger of pain
Missiles
 o - 3 atropa-tipped darts
Armour
 f - +0 steam dragon scales (worn)
 j - a +0 buckler (worn)
 t - a +0 pair of gloves (worn)
 B - a +2 helmet (worn)
Magical Staves
 r - a staff of conjuration (weapon)
 s - a staff of earth
Jewellery
 q - the ring "Ablal" (left hand) {rPois rF+ rC+ EV+4 Dex+3}
   (You acquired it on level 4 of the Dungeon)

   [ring of evasion]

   EV:        It affects your evasion (+4).
   Dex:       It affects your dexterity (+3).
   rF:        It protects you from fire.
   rC:        It protects you from cold.
   rPois:     It protects you from poison.
 z - a +6 ring of strength (right hand)
 C - an amulet of regeneration
 F - a ring of see invisible
 G - an amulet of the acrobat (around neck)
 J - a +6 ring of dexterity
Wands
 k - a wand of mindburst (21)
 D - a wand of acid (16)
 I - a wand of digging (3)
Scrolls
 h - a scroll of teleportation {@r4}
 i - a scroll of magic mapping {unknown}
 m - 2 scrolls of enchant armour {unknown}
 n - a scroll of torment {unknown}
 p - 2 scrolls of blinking
 w - 3 scrolls of fog {unknown}
 y - a scroll of vulnerability
 A - a scroll of immolation {unknown}
 N - a scroll of noise {unknown}
 Q - a scroll of brand weapon {unknown}
Potions
 b - 5 potions of curing {@q1}
 c - 2 potions of resistance {unknown}
 d - a potion of lignification {unknown}
 g - a potion of heal wounds {unknown}
 u - a potion of brilliance {unknown}
 v - a potion of invisibility {unknown}
 x - 2 potions of berserk rage {unknown}
 E - 2 potions of might {unknown}
 H - a potion of mutation {unknown}
 K - a potion of cancellation {unknown}
 L - a potion of flight {unknown}
 M - a potion of haste {unknown}
 P - a potion of ambrosia {unknown}


   Skills:
 + Level 7.1 Fighting
 - Level 9.2 Dodging
 - Level 2.4 Stealth
 - Level 4.0 Shields
 - Level 6.0 Spellcasting
 - Level 9.0 Conjurations
 + Level 10.2 Fire Magic


You had 9 spell levels left.
You knew the following spells:

 Your Spells              Type           Power      Damage    Failure   Level
a - Foxfire               Conj/Fire      100%       2x1d9     1%          1
b - Sticky Flame          Conj/Fire      65%        2d8       1%          4
d - Mephitic Cloud        Conj/Pois/Air  29%        N/A       8%          3
e - Fireball              Conj/Fire      32%        3d14      4%          5

Your spell library contained the following spells:

 Spells                   Type           Power      Damage    Failure   Level
 Magic Dart               Conj           100%       1d8       1%          1
 Conjure Flame            Conj/Fire      65%        6-21      1%          3
 Inner Flame              Hex/Fire       29%        N/A       3%          3
 Sandblast                Erth           12%        2d6       9%          1
 Call Imp                 Summ           6%         N/A       14%         2
 Corpse Rot               Necr/Air       N/A        N/A       14%         2
 Passwall                 Tmut/Erth      5%         N/A       14%         2
 Slow                     Hex            6%         N/A       14%         2
 Confusing Touch          Hex            6%         N/A       26%         3
 Vampiric Draining        Necr           3%         2d6       26%         3
 Dispel Undead            Necr           6%         3d8       65%         4
 Lee's Rapid Deconstruct  Erth           3%         3d6*      94%         5
 Yara's Violent Unravell  Hex/Tmut       3%         3d4       94%         5
 Death Channel            Necr           3%         N/A       100%        6


Dungeon Overview and Level Annotations

Branches:
Dungeon (10/15)            Temple (1/1) D:6            Lair (0/6) D:8
    Orc: D:9-12

Altars:
Ashenzari
Cheibriados
Dithmenos
Elyvilon
Fedhas
Gozag
Hepliaklqana
Kikubaaqudgha
Makhleb
Nemelex Xobeh
Okawaru
Qazlal
Ru
Sif Muna
Trog
Uskayaw
Vehumet
Wu Jian
Xom
Yredelemnul
Zin
Jiyva

Shops:
D:2 [   D:10 (:(

Annotations:
D:4 exclusion: orc priest
D:5 2 transporters
D:6 Dowan, Duvessa
D:8 Gastronok
D:10 3 runed translucent doors, Erolcha; Sin92's ghost, novice DsFi


Message History

The starspawn tentacle constricts you. 2 starspawn tentacle segments come into view.
You escape the starspawn tentacle's grasp.
The starspawn tentacle burns!
The starspawn tentacle completely misses you.
The starspawn tentacle closely misses you. 2 starspawn tentacle segments come into view.
The starspawn tentacle burns!
The starspawn tentacle misses you. 2 starspawn tentacle segments come into view.
The starspawn tentacle burns!
The starspawn tentacle completely misses you. 2 starspawn tentacle segments come into view.
The starspawn tentacle burns!
You destroy the starspawn tentacle!
The starspawn tentacle completely misses you.
A wight comes into view. It is wielding a +0 dagger.
The starspawn tentacle grabs you. The starspawn tentacle constricts you.
Casting: Sticky Flame (dangerous; 1% risk of failure)
Confirm with . or Enter, or press ? or * to list all spells.
Aiming: Sticky Flame (dangerous; 1% risk of failure)
Press: ? - help, Shift-Dir - straight line, f - starspawn tentacle
Aim: a starspawn tentacle (constricting you, 100% to hit)
You feel a surge of power!
The sticky flame hits the starspawn tentacle.
The starspawn tentacle is lightly damaged.
The starspawn tentacle is covered in liquid flames!
The starspawn tentacle burns!
The starspawn tentacle constricts you. The tentacled starspawn bites you.
The tentacled starspawn tentacle-slaps you!
* * * LOW HITPOINT WARNING * * *
The starspawn tentacle's grasp on you weakens, but your attempt to escape fails.
The starspawn tentacle burns!
* * * LOW HITPOINT WARNING * * *
The starspawn tentacle constricts you.
A tentacle flies out from the starspawn's body!
A starspawn tentacle comes into view.
The starspawn tentacle's grasp on you weakens, but your attempt to escape fails.
The starspawn tentacle burns!
The starspawn tentacle constricts you. The tentacled starspawn bites you!!
You die...

. . ...#. .......
........ ....... .... ..
....... #........
...z...######### ......
.......#......##........
.......#...........[....
.......#w...............
#..@X..............!
.......'X>..............
.......#w#........ . ...
.......#........... ...
.......#.............. .
.......#......... ......
.......##'######........
########..... ##..... ..
.. #. ...#.....


You could see a tentacled starspawn, a large abomination, 2 starspawn tentacles
and a wight.

Vanquished Creatures
  2 two-headed ogres
  An ugly thing (D:9)
  A kobold demonologist (D:10)
  A troll (D:10)
  A hornet (D:9)
  4 slime creatures (D:8)
  An iron dragon simulacrum (Abyss:1)
  A vampire (D:10)
  A wyvern (D:10)
  4 yaks
  2 steam dragons
  Grum (D:10)
  Edmund (D:6)
  Menkaure (D:6)
  2 water moccasins
  An acid dragon (D:8)
  2 ice beasts
  3 wolves (D:10)
  An orc warrior (D:9)
  3 necrophages
  3 ogres
  A phantom (D:5)
  4 centaurs
  A kobold brigand (D:7)
  2 bullfrogs (D:6)
  2 scorpions (D:5)
  2 wyvern zombies
  A wyvern skeleton (D:7)
  A water moccasin zombie (D:5)
  A water moccasin skeleton (D:7)
  10 killer bees
  5 howler monkeys
  13 wights
  3 centaur zombies
  2 bullfrog skeletons
  3 hounds
  A jelly (D:4)
  A gnoll shaman (D:4)
  5 orc priests
  2 centaur skeletons
  7 orc wizards
  2 iguanas
  A killer bee zombie (D:7)
  A hound zombie (D:5)
  2 hound skeletons
  5 adders
  An adder skeleton (D:4)
  A worm (D:3)
  5 dart slugs
  17 orcs
  9 ball pythons
  6 endoplasms
  2 giant cockroaches
  6 goblins
  6 hobgoblins
  7 jackals
  3 quokkas
  5 bats
  2 frilled lizards (D:2)
  15 kobolds
  12 rats
  2 starspawn tentacles (Abyss:1)
214 creatures vanquished.

Vanquished Creatures (collateral kills)
  Maggie (D:10)
1 creature vanquished.

Vanquished Creatures (others)
  A wizard (D:10)
  753 foxfires
  13 starspawn tentacles (Abyss:1)
767 creatures vanquished.

Grand Total: 982 creatures vanquished

Notes
Turn   | Place    | Note
-------+----------+-------------------------------------------
     0 | D:1      | freelancePsychic the Deep Elf Fire Elementalist began the
                  | quest for the Orb.
     0 | D:1      | Reached XP level 1. HP: 10/10 MP: 6/6
   174 | D:1      | Reached XP level 2. HP: 15/15 MP: 4/8
  1221 | D:2      | Reached XP level 3. HP: 17/19 MP: 7/10
  1293 | D:2      | Found Fuuplarph's Antique Armour Shoppe.
  1605 | D:2      | Reached skill level 4 in Fire Magic
  1648 | D:2      | Found a shimmering altar of Xom.
  2057 | D:2      | You fall into a shaft and drop 2 floors!
  2128 | D:3      | Reached XP level 4. HP: 14/24 MP: 7/11
  2900 | D:3      | Found a faded altar of an unknown god.
  3564 | D:4      | Noticed a necrophage
  3577 | D:4      | Killed a necrophage
  3578 | D:4      | Reached skill level 5 in Fire Magic
  3578 | D:4      | Reached XP level 5. HP: 28/28 MP: 6/12
  3901 | D:4      | Learned a level 4 spell: Sticky Flame
  4039 | D:4      | Reached XP level 6. HP: 33/33 MP: 7/13
  4118 | D:3      | HP: 1/33 [iguana (13)]
  4121 | D:3      | Reached skill level 1 in Fighting
  4506 | D:4      | Reached skill level 5 in Conjurations
  4914 | D:5      | Entered Level 5 of the Dungeon
  4919 | D:5      | Identified 4 scrolls of acquirement
  4935 | D:5      | Reached XP level 7. HP: 40/40 MP: 2/14
  5020 | D:4      | Acquired a staff of earth
  5021 | D:4      | Acquired the ring "Ablal" {rPois rF+ rC+ EV+4 Dex+3}
  5024 | D:4      | Acquired a staff of conjuration
  5027 | D:4      | Acquired 848 gold pieces
  5097 | D:2      | Bought a topaz-encrusted leather armour for 182 gold pieces
  5097 | D:2      | Identified the +0 leather armour "Zuira" {rF+} (You bought
                  | it in a shop on level 2 of the Dungeon)
  5097 | D:2      | Bought a pair of gloves for 117 gold pieces
  5097 | D:2      | Bought a helmet for 117 gold pieces
  5212 | D:5      | Found a transporter.
  5399 | D:5      | Found a transporter.
  5758 | D:5      | Reached XP level 8. HP: 48/48 MP: 4/15
  6611 | D:6      | Noticed Edmund
  6621 | D:6      | Killed Edmund
  6693 | D:6      | Found a staircase to the Ecumenical Temple.
  6721 | Temple   | Entered the Ecumenical Temple
  6885 | D:6      | Noticed Menkaure
  6891 | D:6      | Killed Menkaure
  7050 | D:6      | Reached skill level 5 in Dodging
  7241 | D:6      | Noticed Dowan
  7537 | D:6      | Reached XP level 9. HP: 52/52 MP: 8/17
  8047 | D:6      | Reached skill level 5 in Spellcasting
  8210 | D:6      | Noticed Duvessa
  9353 | D:8      | Reached skill level 6 in Fire Magic
  9442 | D:8      | Found a staircase to the Lair.
  9680 | D:8      | Reached skill level 7 in Fire Magic
 10309 | D:8      | Learned a level 5 spell: Fireball
 10433 | D:8      | Found a hazy altar of Hepliaklqana.
 10703 | D:8      | Noticed a two-headed ogre
 10738 | D:8      | Killed a two-headed ogre
 10739 | D:8      | Reached skill level 8 in Fire Magic
 10739 | D:8      | Reached XP level 10. HP: 58/58 MP: 14/21
 11101 | D:8      | Noticed Gastronok
 11846 | D:9      | Reached skill level 5 in Fighting
 11846 | D:9      | Noticed a purple ugly thing
 11874 | D:9      | Killed a purple ugly thing
 12180 | D:9      | Learned a level 3 spell: Mephitic Cloud
 12396 | D:10     | Entered Level 10 of the Dungeon
 12424 | D:10     | Found a large runed translucent door.
 12425 | D:10     | Found a large runed translucent door.
 12441 | D:10     | Found a burning altar of Makhleb.
 12510 | D:10     | Found a broken altar of Ashenzari.
 12597 | D:10     | Found Dufaczea's Book Shop.
 12599 | D:10     | Noticed Maggie
 12610 | D:10     | Reached skill level 9 in Fire Magic
 12892 | D:10     | Noticed Grum
 12895 | D:10     | Killed Grum
 12896 | D:10     | Reached XP level 11. HP: 65/66 MP: 6/22
 12898 | D:10     | Found Yzxury's Weapon Emporium.
 13264 | D:10     | Noticed a two-headed ogre
 13277 | D:10     | Killed a two-headed ogre
 13390 | D:10     | Found a bloodstained altar of Trog.
 13393 | D:10     | Noticed a wizard
 13398 | D:10     | Killed a wizard
 13463 | D:10     | Found a runed translucent gate.
 13464 | D:10     | Found a runed translucent gate.
 13464 | D:10     | Found a runed translucent gate.
 13466 | D:10     | Noticed Sin92's ghost (novice DsFi)
 13468 | D:10     | Found a viscous altar of Jiyva.
 13925 | D:10     | Killed Maggie
 13926 | D:10     | Reached skill level 10 in Fire Magic
 14174 | D:10     | Found Qovveum's Weapon Shoppe.
 14222 | D:10     | Found a radiant altar of Vehumet.
 14222 | D:10     | Noticed Erolcha
 14223 | D:10     | Cast into level 1 of the Abyss (Erolcha)
 14286 | Abyss:1  | Noticed a tentacled starspawn
 14286 | Abyss:1  | Noticed a starcursed mass
 14304 | Abyss:1  | Noticed a wretched star
 14304 | Abyss:1  | Noticed a hell knight
 14305 | Abyss:1  | Noticed a hell knight
 14305 | Abyss:1  | Noticed a necromancer
 14305 | Abyss:1  | Noticed a necromancer
 14305 | Abyss:1  | Noticed a hell knight
 14344 | Abyss:1  | Noticed an eidolon
 14345 | Abyss:1  | Noticed a starcursed mass
 14349 | Abyss:1  | Noticed a tentacled starspawn
 14349 | Abyss:1  | Noticed a tentacled monstrosity
 14365 | Abyss:1  | Noticed a sixfirhy
 14407 | Abyss:1  | Noticed a tentacled starspawn
 14475 | Abyss:1  | Demolished by a tentacled starspawn

Illustrated notes

Levels and vault maps discovered:
D:1:      dpeg_arrival_ratfight, layout_basic
D:2:      layout_rooms, basic_altar, serial_shops,
          nicolae_shop_competitors_out_of_business
D:3:      layout_loops_ring, dreamdust_ecumenical_altar_angels_and_demons
D:4:      layout_loops_ring, minmay_box_of_dots
D:5:      gammafunk_steamed_eel, layout_basic
D:6:      layout_cave_pods, minmay_temple_entry_drinking_statues,
          minmay_tree_intersection, kennysheep_donut, uniq_menkaure,
          uniq_edmund, uniq_duvessa
D:7:      layout_basic
D:8:      layout_basic, nicolae_hepliaklqana_hippocampus, lair_entry_dummy,
          grunt_decor_one_mirror, uniq_gastronok
D:9:      layout_gridville
D:10:     layout_loops_ring, trog_wizard, mainiacjoe_overflow_alcove_2,
          tso_altar, jmf_multi_god_temple2, gammafunk_ghost_ooze, serial_shops,
          nicolae_shop_window_shopping, kennysheep_mini_moat, shop_fountains,
          hangedman_decor_riveting, uniq_maggie, uniq_grum, uniq_erolcha
Temple:   nicolae_temple_elliptical
Abyss:1:  base:
D:9

Skill      XL: |  1  2  3  4  5  6  7  8  9 10 11 |
---------------+----------------------------------+-----
Conjurations   | 2 4 5 7 9 |  9.0
Fire Magic     | 4 5 8 9 10 | 10.2
Fighting       | 2 4 6 7 |  7.1
Dodging        | 6 9 |  9.2
Spellcasting   | 4 6 |  6.0
Shields        | 2 4 |  4.0
Stealth        | |  2.4

Action                   |  1- 3 |  4- 6 |  7- 9 | 10-12 || total
-------------------------+-------+-------+-------+-------++-------
Melee: Unarmed           |    10 |       |       |       ||    10
       Dagger            |     2 |    21 |       |       ||    23
       Staff             |       |       |    44 |     9 ||    53
 Cast: Foxfire           |   111 |    82 |   147 |    99 ||   439
       Sticky Flame      |       |     5 |    46 |    35 ||    86
       Fireball          |       |       |       |    13 ||    13
Evoke: Wand              |       |       |     1 |     1 ||     2
  Use: Scroll            |     3 |     1 |     6 |     4 ||    14
       Potion            |       |       |     1 |       ||     1
 Stab: Sleeping          |     1 |     1 |       |       ||     2
Armor: Robe              |     6 |     5 |    27 |     7 ||    45
Dodge: Dodged            |    22 |    38 |   121 |    80 ||   261
Block: Buckler           |       |       |       |    25 ||    25

Table legend: (Time is in decaauts)
 A = Elapsed time spent in this place.
 B = Non-inter-level travel time spent in this place.
 C = Inter-level travel time spent in this place.
 D = Time resting spent in this place.
 E = Time spent auto-exploring this place.
 F = Levels seen in this place.
 G = Mean time per level.
                   A        B        C        D        E       F      G
               +--------+--------+--------+--------+--------+-----+--------+
         Total |  14496 |  13740 |    756 |   1580 |   9987 |  12 | 1208.0 |
       Dungeon |  14087 |  13353 |    734 |   1580 |   9733 |  10 | 1408.7 |
        Temple |    156 |    134 |     22 |      0 |    133 |   1 |  156.0 |
         Abyss |    251 |    251 |      0 |      0 |    121 |   1 |  251.0 |
               +--------+--------+--------+--------+--------+-----+--------+

Top non-repeatable levels by time:
     D:8: 1824 daAuts
     D:7: 1618 daAuts
     D:6: 1606 daAuts
     D:3: 1523 daAuts
     D:4: 1505 daAuts
    D:10: 1365 daAuts
     D:5: 1333 daAuts
     D:1: 1161 daAuts
     D:9: 1158 daAuts
     D:2: 991 daAuts
 Abyss:1: 251 daAuts
  Temple: 156 daAuts
